AoeStats
← Erickinio

Pilgrims

508670125Analyzed
4v4 RM · 8d ago on Sep 23, 2026· 32m 33s· 8 players
Game mode
Random Map
Map size
Large (8 player)
Population
200
Speed
Normal
Resources
Standard
Victory
Conquest
Starting age
Dark Age
Ending age
Imperial Age
RankedLock teamsTeams togetherTeam positionsShared explorationLock speedFull tech treeHidden civsTurbo modeCheats
Victory
Defeat
🇭🇰 Maya · Hong Kong SAR China
954
+15
🇭🇰 Danes · Hong Kong SAR China
929
+16
🇹🇼 Spanish · Taiwan
918
+16
🇨🇳 Vietnamese · China
901
+17
🇭🇰 Britons · Hong Kong SAR China
988
-18
🇳🇱 Armenians · Netherlands
923
-16
🇫🇷 Vietnamese · France
917
-16
🇦🇷 Celts · Argentina
883
-14
hank.su.yen.hao
5:10 Loom
16:21 Feudal Age
19:40 Castle Age
17:31 Double-Bit Axe
18:54 Bloodlines
19:29 Forging
19:24 Gold Mining
20:26 Husbandry
21:53 Bow Saw
21:58 Stone Mining
22:11 Pikeman
23:45 Fletching
30:07 Wheelbarrow
15634125
4:49 Loom
13:45 Feudal Age
18:43 Castle Age
23:00 Fletching
23:11 Padded Archer Armor
26:36 Wheelbarrow
27:00 Double-Bit Axe
27:01 Horse Collar
34:00 Imperial Age
32:01 Gold Mining
33:22 Forging
TaiwanIsChina's
5:34 Loom
12:28 Feudal Age
13:10 Double-Bit Axe
16:03 Fletching
18:40 Castle Age
16:50 Horse Collar
17:24 Stone Mining
17:46 Padded Archer Armor
19:43 Bow Saw
20:09 Bodkin Arrow
19:37 Elite Skirmisher
20:35 Leather Archer Armor
21:59 Pikeman
27:50 Wheelbarrow
27:03 Town Watch
27:35 Thumb Ring
29:14 Hand Cart
29:46 Town Patrol
34:14 Imperial Age
32:02 Heavy Plow
32:28 Ballistics
32:39 Gold Mining
不明步行下體
14:32 Feudal Age
15:03 Double-Bit Axe
22:19 Castle Age
20:06 Loom
21:13 Fletching
21:24 Padded Archer Armor
21:14 Fishing Lines
21:48 Horse Collar
23:17 Bow Saw
23:17 Bodkin Arrow
23:37 Leather Archer Armor
23:55 Gillnets
25:40 Gold Mining
27:20 Scale Mail Armor
27:30 Forging
28:35 Wheelbarrow
27:45 Town Watch
28:50 Wheelbarrow
28:40 Chain Mail Armor
28:40 Careening
29:50 Ballistics
29:34 Squires
29:20 Gambesons
30:19 Gold Shaft Mining
31:13 Iron Casting
prsdntsdghtr
6:10 Loom
10:56 Feudal Age
13:33 Double-Bit Axe
15:57 Castle Age
14:36 Wheelbarrow
16:04 Castle Age
14:43 Fishing Lines
17:52 Horse Collar
19:19 Man-at-Arms
20:25 Hand Cart
21:19 Gillnets
21:07 Long Swordsman
25:13 Two-Handed Swordsman
26:08 Forging
25:58 Scale Mail Armor
29:08 Imperial Age
26:48 Champion
27:14 Gambesons
27:29 Squires
27:15 Arson
28:03 Arson
28:19 Squires
28:04 Gambesons
Léodagan
4:20 Loom
11:37 Feudal Age
13:02 Double-Bit Axe
13:26 Gold Mining
15:32 Wheelbarrow
16:44 Fletching
18:21 Fishing Lines
19:24 Padded Archer Armor
舒服
6:53 Loom
14:24 Feudal Age
21:04 Castle Age
20:09 Gold Mining
24:58 Gold Shaft Mining
32:03 Imperial Age
Erickinio
6:10 Loom
13:29 Feudal Age
13:58 Double-Bit Axe
19:50 Castle Age
19:20 Forging
19:25 Gold Mining
19:26 Stone Mining
19:41 Scale Mail Armor
21:21 Wheelbarrow
23:40 Bow Saw
26:49 Gambesons
27:17 Pikeman
28:48 Town Watch
Connection lost

Rejoining the realm…

Still unreachable

The connection could not be restored.

Session expired

The server has moved on; the page needs a fresh start.